 Dungeon Crawl Stone Soup version 0.27-a0-1278-g6cbc8dfb29 (webtiles) character file.

Game seed: 18231700000118407951

571 ipx the Digger (level 7, -10/36 HPs)
             Began as a Deep Elf Earth Elementalist on June 12, 2021.
             Was an Elder of Ru.
             Mangled by a boulder beetle (46 damage)
             ... on level 6 of the Dungeon.
             The game lasted 00:34:09 (2005 turns).

ipx the Digger (Deep Elf Earth Elementalist)        Turns: 2005, Time: 00:34:10

Health: -10/36     AC:  6    Str:  5    XL:     7   Next: 12%
Magic:  12/16      EV: 13    Int: 22    God:    Ru [****..]
Gold:   163        SH:  0    Dex: 15    Spells: 1/16 levels left

rFire    . . .     SeeInvis .   a - +2 dagger (elec)
rCold    . . .     Faith    .   (shield unavailable)
rNeg     . . .     Spirit   .   c - +0 robe
rPois    .         Reflect  .   (no helmet)
rElec    .         Harm     .   (no cloak)
rCorr    .         Rampage  .   (no gloves)
Will     .....                  (no boots)
Stlth    ++........             (no amulet)
HPRegen  0.12/turn              (ring unavailable)
MPRegen  0.15/turn              P - +4 ring of protection

@: no status effects
A: missing a hand, unskilled 1
a: Renounce Religion, Draw Out Power, Power Leap


You were on level 6 of the Dungeon.
You worshipped Ru.
Ru was greatly pleased with you.
You visited 1 branch of the dungeon, and saw 6 of its levels.

You collected 163 gold pieces.

Inventory:

Hand Weapons
 a - a +2 dagger of electrocution (weapon)
Missiles
 b - 100 stones
 e - 40 poisoned darts (quivered)
Armour
 c - a +0 robe (worn)
Magical Staves
 o - a staff of poison
Jewellery
 p - a ring of poison resistance
 v - a ring of willpower
 P - a +4 ring of protection (right hand)
Scrolls
 d - a scroll of immolation {unknown}
 g - a scroll of teleportation {unknown}
 h - a scroll of enchant weapon {unknown}
 j - 3 scrolls of brand weapon
 k - a scroll of enchant armour {unknown}
 m - a scroll of identify {unknown}
 n - 3 scrolls of noise {unknown}
 r - a scroll of magic mapping {unknown}
Potions
 f - a potion of brilliance
 i - 3 potions of might
 l - a potion of degeneration {unknown}
 q - a potion of invisibility {unknown}
 s - a potion of cancellation {unknown}
 t - a potion of curing
 u - a potion of heal wounds {unknown}


   Skills:
 + Level 3.2 Dodging
 - Level 2.3 Stealth
 - Level 5.2 Spellcasting
 + Level 3.3 Conjurations
 - Level 2.3 Transmutations
 + Level 5.3 Earth Magic


You had one spell level left.
You knew the following spells:

 Your Spells              Type           Power      Damage    Failure   Level
d - Lee's Rapid Deconstr  Erth           14%        3d10*     30%         5
p - Petrify               Tmut/Erth      22%        N/A       21%         4
s - Stone Arrow           Conj/Erth      48%        3d10      4%          3
w - Passwall              Tmut/Erth      18%        N/A       3%          2
z - Sandblast             Erth           58%        2d13      1%          1

Your spell library contained the following spells:

 Spells                   Type           Power      Damage    Failure   Level


Dungeon Overview and Level Annotations

Branches:
Dungeon (6/15)             Temple (0/1) D:5

Altars:
Ru
Trog
Xom

Annotations:
D:5 Sigmund


Innate Abilities, Weirdness & Mutations

You are missing a hand.
You are somewhat unskilled. (-1 Apt)


Message History

Press: ? - help, Shift-Dir - straight line, f - orc wizard
Aim: an orc wizard, wielding a +0 dagger and wearing a +0 robe (wandering, hasn't noticed you, 76% to hit)
The blast of sand hits the orc wizard!
The orc wizard is severely wounded.
The orc wizard shouts!
b - 101 stones
Casting: Sandblast (safe; 1% risk of failure)
Confirm with . or Enter, or press ? or * to list all spells.
Aiming: Sandblast (safe; 1% risk of failure)
Press: ? - help, Shift-Dir - straight line, f/p - orc wizard
Aim: an orc wizard, wielding a +0 dagger and wearing a +0 robe (severely wounded, 76% to hit)
The blast of sand hits the orc wizard!
You kill the orc wizard!
b - 100 stones
Things that are here:
a +0 dagger; a +0 robe
v - a ring of willpower You now have 163 gold pieces (gained 9).
Things that are here:
a +0 short sword; an orc corpse
There is a stone staircase leading down here.
You climb downwards.
There is a stone staircase leading up here.
A boulder beetle comes into view.
A water moccasin skeleton comes into view.
The boulder beetle curls into a ball and begins rolling!
Found a stone staircase leading up.
Unknown command.
Unknown command.
Unknown command.
Casting: Sandblast (safe; 1% risk of failure)
Confirm with . or Enter, or press ? or * to list all spells.
Aiming: Stone Arrow (dangerous; 4% risk of failure)
Press: ? - help, Shift-Dir - straight line, f - boulder beetle
Aim: a boulder beetle (rolling, 100% to hit)
The stone arrow hits the boulder beetle!
The boulder beetle is moderately wounded.
The boulder beetle hits you!!!
Ouch! That really hurt!
You die...

. .... ......# ..#
#......#####.#
#.......##..<# .
#............# ..
#......###...## .°°
#......####...##
.Z.B#####.......###....#
....○.#@.......<........
...Z.○B.................
..##.........#.#........
##..........##.......
#....................
#..#..............####
#..####..............
#..# #..........##.> <.#
##..#.....## ##


You could see a boulder beetle (rolling) and a water moccasin skeleton.

Vanquished Creatures
  An ogre (D:4)
  A kobold brigand (D:5)
  A wyvern zombie (D:5)
  A howler monkey (D:5)
  A bullfrog zombie (D:5)
  Jessica (D:2)
  3 iguanas
  A scorpion zombie (D:5)
  An orc wizard (D:5)
  A gnoll (D:1)
  2 adders
  A shadow imp (D:5)
  An ufetubus (D:5)
  A worm (D:5)
  2 dart slugs
  8 orcs
  7 ball pythons
  4 endoplasms (D:3)
  3 giant cockroaches
  10 goblins
  5 hobgoblins
  9 kobolds
  7 bats
  3 rats
75 creatures vanquished.

Vanquished Creatures (others)
  A kobold (D:4)
1 creature vanquished.

Grand Total: 76 creatures vanquished

Notes
Turn   | Place    | Note
-------+----------+-------------------------------------------
     0 | D:1      | ipx the Deep Elf Earth Elementalist began the quest for the
                  | Orb.
     0 | D:1      | Reached XP level 1. HP: 10/10 MP: 6/6
    51 | D:1      | Found a faded altar of an unknown god.
    61 | D:1      | Reached XP level 2. HP: 15/15 MP: 0/8
    82 | D:1      | Became a worshipper of Ru the Awakened
    98 | D:1      | Gained mutation: You are somewhat unskilled. (-1 Apt) [Ru
                  | sacrifice]
    98 | D:1      | Reached * piety under Ru
   166 | D:1      | Learned a level 2 spell: Passwall
   289 | D:1      | Reached XP level 3. HP: 18/19 MP: 3/9
   437 | D:2      | Learned a level 3 spell: Stone Arrow
   542 | D:2      | Noticed Jessica
   547 | D:2      | Killed Jessica
   548 | D:2      | Reached skill level 1 in Conjurations
   559 | D:2      | Found a shimmering altar of Xom.
   571 | D:2      | Reached XP level 4. HP: 22/24 MP: 8/11
   698 | D:2      | You fall into a shaft and drop 2 floors!
   710 | D:4      | Identified the +3 falchion "ipx's Doom" {vorpal, rElec MP-9
                  | Int-2 Dex+8}
  1043 | D:4      | Learned a level 4 spell: Petrify
  1143 | D:4      | Found a bloodstained altar of Trog.
  1143 | D:4      | Noticed an orc warrior
  1157 | D:4      | Noticed an ogre
  1172 | D:4      | Killed an ogre
  1173 | D:4      | Reached XP level 5. HP: 27/28 MP: 10/13
  1251 | D:3      | Gained mutation: You are missing a hand. [Ru sacrifice]
  1251 | D:3      | Reached ** piety under Ru
  1251 | D:3      | Reached *** piety under Ru
  1251 | D:3      | Reached **** piety under Ru
  1434 | D:3      | You fall into a shaft and drop 2 floors!
  1434 | D:5      | Entered Level 5 of the Dungeon
  1456 | D:5      | Reached XP level 6. HP: 32/32 MP: 12/15
  1531 | D:5      | Reached skill level 5 in Spellcasting
  1574 | D:5      | Learned a level 5 spell: Lee's Rapid Deconstruction
  1672 | D:5      | Reached skill level 5 in Earth Magic
  1720 | D:5      | Reached XP level 7. HP: 21/36 MP: 5/16
  1845 | D:5      | Noticed Sigmund
  1945 | D:5      | Found a staircase to the Ecumenical Temple.
  2001 | D:6      | Noticed a boulder beetle
  2005 | D:6      | Mangled by a boulder beetle

Illustrated notes

Levels and vault maps discovered:
D:1:      minmay_arrival_checkered_box, layout_loops_ring,
          chequers_ecumenical_altar_island
D:2:      layout_basic, basic_altar, uniq_jessica
D:3:      layout_basic, kennysheep_nondescript
D:4:      layout_cave_pods, nzn_overflow_gifts_of_might_and_magic,
          grunt_ministairs_2
D:5:      layout_basic, minmay_temple_entry_junction, patterned_corridor,
          uniq_sigmund
D:6:      layout_layer_cave

Skill      XL: |  1  2  3  4  5  6 |
---------------+-------------------+-----
Spellcasting   | 2 3 4 5 |  5.2
Earth Magic    | 4 5 |  5.3
Conjurations   | 1 2 3 |  3.3
Transmutations | 2 |  2.3
Dodging        | 3 |  3.2
Stealth        | |  2.3

Action                   |  1- 3 |  4- 6 |  7- 9 || total
-------------------------+-------+-------+-------++-------
Melee: Long sword        |    12 |     2 |       ||    14
       Falchion          |       |     9 |       ||     9
       Dagger            |       |    31 |     1 ||    32
       Staff             |       |     2 |       ||     2
Throw: Dart              |       |     4 |       ||     4
 Cast: Sandblast         |    27 |    59 |     9 ||    95
       Passwall          |       |     1 |     4 ||     5
       Stone Arrow       |       |       |     1 ||     1
Invok: Sacrifice Skill   |     1 |       |       ||     1
       Power Leap        |       |     1 |       ||     1
       Sacrifice a Hand  |       |     1 |       ||     1
       Draw Out Power    |       |     1 |       ||     1
  Use: Potion            |       |     4 |       ||     4
       Scroll            |       |     2 |       ||     2
 Stab: Sleeping          |       |     1 |       ||     1
Armor: Robe              |     6 |    15 |     1 ||    22
Dodge: Dodged            |    14 |    37 |       ||    51
       Rpst.: Long sword |     7 |     1 |       ||     8

Table legend: (Time is in decaauts)
 A = Elapsed time spent in this place.
 B = Non-inter-level travel time spent in this place.
 C = Inter-level travel time spent in this place.
 D = Time resting spent in this place.
 E = Time spent auto-exploring this place.
 F = Levels seen in this place.
 G = Mean time per level.
                   A        B        C        D        E       F      G
               +--------+--------+--------+--------+--------+-----+--------+
         Total |   2078 |   2078 |      0 |      0 |      0 |   6 |  346.3 |
       Dungeon |   2078 |   2078 |      0 |      0 |      0 |   6 |  346.3 |
               +--------+--------+--------+--------+--------+-----+--------+

Top non-repeatable levels by time:
     D:5: 560 daAuts
     D:1: 440 daAuts
     D:4: 392 daAuts
     D:3: 361 daAuts
     D:2: 297 daAuts
     D:6: 25 daAuts
